 Dungeon Crawl Stone Soup version 0.27.1-1-g398f81649c (webtiles) character file.

Game seed: 9490323050801562780

134 rogsnak the Firebug (level 5, -5/28 HPs)
             Began as a Tengu Fire Elementalist on Sept 9, 2021.
             Killed by divine providence
             ... invoked by an orc priest
              (12 damage)
             ... on level 3 of the Dungeon.
             The game lasted 00:03:57 (2725 turns).

rogsnak the Firebug (Tengu Fire Elementalist)       Turns: 2725, Time: 00:03:58

Health: -5/28      AC:  2    Str:  8    XL:     5   Next: 17%
Magic:  6/10       EV: 15    Int: 17    God:
Gold:   83         SH:  0    Dex: 14    Spells: 4/9 levels left

rFire    . . .     SeeInvis .   o - +0 halberd (venom)
rCold    . . .     Faith    .   (shield currently unavailable)
rNeg     . . .     Spirit   .   a - +0 robe
rPois    .         Reflect  .   (helmet restricted)
rElec    .         Harm     .   (no cloak)
rCorr    .         Rampage  .   (no gloves)
Will     .....                  (boots unavailable)
Stlth    ++........             (no amulet)
HPRegen  0.09/turn              (no ring)
MPRegen  0.12/turn              (no ring)

@: flying quickly and evasively, quick
A: beak, talons 3, nimble flight
a: no special abilities


You were on level 3 of the Dungeon.
You visited 1 branch of the dungeon, and saw 3 of its levels.

You collected 83 gold pieces.

Inventory:

Hand Weapons
 d - a +0 dagger
 n - a +0 spear
 o - a +0 halberd of venom (weapon)
Missiles
 e - 8 stones
 h - 54 bolts
Armour
 a - a +0 robe (worn)
Jewellery
 c - an amulet of guardian spirit
Scrolls
 j - a scroll of teleportation {unknown}
 l - a scroll of magic mapping {unknown}
 m - 2 scrolls of identify {unknown}
Potions
 b - a potion of ambrosia {unknown}
 f - a potion of curing {unknown}
 g - 2 potions of haste {unknown}
 i - a potion of brilliance {unknown}
 k - a potion of lignification {unknown}


   Skills:
 + Level 2.4 Dodging
 - Level 2.0 Stealth
 + Level 2.9 Spellcasting
 * Level 4.1 Conjurations
 + Level 4.3 Fire Magic


You had 4 spell levels left.
You knew the following spells:

 Your Spells              Type           Power      Damage    Failure   Level
a - Foxfire               Conj/Fire      64%        2x1d7     3%          1
b - Sticky Flame          Conj/Fire      16%        2d4       30%         4

Your spell library contained the following spells:

 Spells                   Type           Power      Damage    Failure   Level
 Conjure Flame            Conj/Fire      16%        6-21      10%         3
 Inner Flame              Hex/Fire       9%         N/A       22%         3
 Fireball                 Conj/Fire      8%         3d6       65%         5


Dungeon Overview and Level Annotations

Branches:
Dungeon (3/15)

Altars:


Innate Abilities, Weirdness & Mutations

You have a beak for a mouth.
You have claws for feet.
Your magical nature lets you fly swiftly and evasively.


Message History

Confirm with . or Enter, or press ? or * to list all spells.
You conjure some foxfire!
The orc priest begins to cast a cantrip, but forgets the words!
Unknown command.
Casting: Foxfire (safe; 3% risk of failure)
Confirm with . or Enter, or press ? or * to list all spells.
You conjure some foxfire!
The foxfire hits the orc priest.
The orc priest is moderately wounded.
The foxfire hits the orc priest.
The orc priest is heavily wounded.
Unknown command.
You hit the orc priest.
The orc priest is poisoned.
You claw the orc priest. Your peck misses the orc priest.
The orc priest is heavily wounded.
The foxfire hits the orc priest but does no damage.
The orc priest is heavily wounded.
The foxfire hits the orc priest but does no damage.
The orc priest is heavily wounded.
The orc priest barely misses you.
Casting: Foxfire (safe; 3% risk of failure)
Confirm with . or Enter, or press ? or * to list all spells.
You conjure some foxfire!
The orc priest calls down the wrath of Beogh upon you.
Beogh smites you!
* * * LOW HITPOINT WARNING * * *
Unknown command.
You closely miss the orc priest.
The orc priest is heavily wounded.
The foxfire hits the orc priest.
The orc priest is severely wounded.
The foxfire hits the orc priest but does no damage.
The orc priest is severely wounded.
The orc priest misses you.
Your magical contamination has completely faded away.
Casting: Foxfire (safe; 3% risk of failure)
Confirm with . or Enter, or press ? or * to list all spells.
You conjure some foxfire!
The orc priest mumbles some strange prayers to Beogh against you.
Beogh smites you!
You die...

...#....#............#
..o#.##.####..#.#.....
..#.##............#.#
..#.############....#
#.#)#... .....#.###
#.#)#.### ####.#.# #
#.#.....# #.#.. #
#.)v.§#.# #.###.#
###o@§..# #. .#
........v#..... #
.#.###.#.#.#... #
#.#.# # #. # #.#.# #
#.#.# # #.#.# ###.###
.. .# ....... ###...#


You could see an orc priest (very poisoned, ally target).

Vanquished Creatures
  An orc wizard (D:3)
  4 gnolls (D:2)
  2 adders (D:2)
  3 dart slugs
  3 orcs (D:3)
  5 bats
  2 endoplasms
  3 giant cockroaches (D:1)
  5 goblins
  2 hobgoblins
  A quokka (D:2)
  3 ball pythons
  A frilled lizard (D:1)
  6 kobolds
  3 rats
44 creatures vanquished.

Vanquished Creatures (others)
  135 foxfires
135 creatures vanquished.

Grand Total: 179 creatures vanquished

Notes
Turn   | Place    | Note
-------+----------+-------------------------------------------
     0 | D:1      | rogsnak the Tengu Fire Elementalist began the quest for the
                  | Orb.
     0 | D:1      | Reached XP level 1. HP: 10/10 MP: 4/4
   173 | D:1      | Reached XP level 2. HP: 13/15 MP: 0/6
   983 | D:2      | Reached XP level 3. HP: 2/19 MP: 1/7
  1444 | D:2      | Found a faded altar of an unknown god.
  1749 | D:2      | Reached XP level 4. HP: 24/24 MP: 3/8
  2586 | D:3      | Gained mutation: Your magical nature lets you fly swiftly
                  | and evasively. [Tengu growth]
  2586 | D:3      | Reached XP level 5. HP: 7/28 MP: 5/10
  2594 | D:3      | Learned a level 4 spell: Sticky Flame
  2725 | D:3      | Killed from afar by an orc priest

Illustrated notes

Levels and vault maps discovered:
D:1:      dpeg_arrival_rooms_with_view, layout_loops_ring
D:2:      layout_loops_ring, dreamdust_ecumenical_altar_statues
D:3:      layout_basic

Skill      XL: |  1  2  3  4 |
---------------+-------------+-----
Conjurations   | 2 3 4 |  4.1
Fire Magic     | 4 |  4.3
Dodging        | |  2.4
Stealth        | |  2.0
Spellcasting   | |  2.9

Action                   |  1- 3 |  4- 6 || total
-------------------------+-------+-------++-------
Melee: Dagger            |    13 |       ||    13
       Kick              |     2 |     2 ||     4
       Peck              |     1 |       ||     1
       Halberd           |       |     7 ||     7
       Spear             |       |     2 ||     2
 Cast: Foxfire           |    54 |    38 ||    92
Armor: Robe              |     3 |     1 ||     4
Dodge: Dodged            |    16 |    10 ||    26
